AoeStats
← catchchez

Golden Pit

508631726Analyzed
1v1 RM · 10d ago on Sep 23, 2026· 21m 59s· 2 players
Game mode
Random Map
Map size
Tiny (2 player)
Population
200
Speed
Normal
Resources
Standard
Victory
Conquest
Starting age
Dark Age
Ending age
Imperial Age
RankedLock teamsTeams togetherTeam positionsShared explorationLock speedFull tech treeHidden civsTurbo modeCheats
Victory
Defeat
🇧🇷 Vietnamese · Brazil
804
+13
🇮🇳 Teutons · India
745
-13
catchchez
2:27 Loom
11:17 Feudal Age
13:01 Double-Bit Axe
18:17 Bloodlines
18:55 Bloodlines
Emillyvitoria
5:38 Loom
10:09 Feudal Age
11:13 Double-Bit Axe
21:42 Castle Age
Connection lost

Rejoining the realm…

Still unreachable

The connection could not be restored.

Session expired

The server has moved on; the page needs a fresh start.